 Dungeon Crawl Stone Soup version 0.13-a0-3016-gcb2faac (webtiles) character file.

91 4tharraofdagon the Digger (level 3, -4/31 HPs)
             Began as a Troll Earth Elementalist on Sept 12, 2013.
             Slain by an orc wizard
             ... wielding a +0,+2 orcish dagger
              (5 damage)
             ... on Level 3 of the Dungeon.
             The game lasted 00:02:15 (482 turns).

4tharraofdagon the Digger (Troll Earth Elementalist) Turns: 482, Time: 00:02:15

HP  -4/31        AC  5     Str 16      XL: 3   Next:  5%
MP   2/4         EV  9     Int 12      God:
Gold 61          SH  0     Dex 10      Spells:  1 memorised,  3 levels left

Res.Fire  : . . .   See Invis. : .   b - 36 stones
Res.Cold  : . . .   Warding    : .   c - +0 robe
Life Prot.: . . .   Conserve   : .   (shield restricted)
Res.Poison: .       Res.Corr.  : .   (helmet restricted)
Res.Elec. : .       Clarity    : .   (no cloak)
Sust.Abil.: . .     Spirit.Shd : .   (gloves unavailable)
Res.Mut.  : .       Stasis     : .   (boots unavailable)
Res.Rott. : .       Flight     : .   (no amulet)
Gourmand  : +                        (no ring)
                                     i - ring of sustenance {unknown}

@: very slightly contaminated, slowed, very slow, not resistant to hostile
enchantments, unstealthy
A: unfitting armour, claws 3, fast metabolism 3, gourmand, regeneration 2,
saprovore 2, tough skin 2, AC +1
a: no special abilities


You were on level 3 of the Dungeon.
You were very full.

You visited 1 branch of the dungeon, and saw 3 of its levels.

You collected 41 gold pieces.

Inventory:

Missiles
 b - 36 stones (in claw)
Armour
 c - a +0 robe (worn)
Comestibles
 a - 2 meat rations
 f - an apple
Scrolls
 e - a scroll of enchant armour {unknown}
 h - a scroll of identify {unknown}
 j - 2 scrolls of teleportation
Jewellery
 i - a ring of sustenance (left claw) {unknown}
Books
 d - a book of Geomancy

   Spells                             Type                      Level
   *Sandblast                         Earth                        1
   Stoneskin                          Transmutation/Earth          2
   Passwall                           Transmutation/Earth          3
   Stone Arrow                        Conjuration/Earth            3
   Petrify                            Transmutation/Earth          4
   Lee's Rapid Deconstruction         Earth                        5


   Skills:
 + Level 0.4 Fighting
 - Level 1.5 Dodging
 - Level 1.1 Stealth
 * Level 1.5 Unarmed Combat
 + Level 1.2 Spellcasting
   Level 0.6 Transmutations
 + Level 3.0 Earth Magic


You had 3 spell levels left.
You knew the following spells:

 Your Spells              Type           Power        Failure   Level  Hunger
a - Sandblast             Erth           #.....       12%         1    ##.....


Dungeon Overview and Level Annotations

Branches:
Dungeon (3/27)

Altars:


Innate Abilities, Weirdness & Mutations

You are too large for most types of armour.
You have claws for hands.
Your metabolism is lightning-fast.
You like to eat raw meat.
You heal very quickly.
You can eat rotten meat.
You are covered in fur (AC +1).
You have very tough skin (AC +2).


Message History

The orc wizard hits you with an orcish dagger.
Casting: Sandblast
Confirm with . or Enter, or press ? or * to list all spells.
Aiming: Sandblast
Press: ? - help, Shift-Dir - straight line, f/p - orc wizard
Aim: an orc wizard, wielding an orcish dagger and wearing an orcish robe (moving very quickly)
The rocky blast misses the orc wizard.
The rocky blast hits the orc wizard.
The orc wizard is moderately wounded.
The orc wizard points at you and mumbles some strange words.
The puff of flame hits you!
* * * LOW HITPOINT WARNING * * *
The orc wizard casts a spell.
The orc wizard blinks!
The orc wizard gestures at you while chanting.
The puff of flame hits you!
* * * LOW HITPOINT WARNING * * *
Drink which item? (? for menu, Esc to quit)
You feel yourself slow down.
It was a potion of slowing.
The orc wizard hits you with an orcish dagger.
You die...

####### (....# . ###....### ..#
#........# ..# ####........##
#.# . #............# #.# #.#
######....#.......# ##.##
#.#.##.o@oo............# #...#
#.#.##.####w..##.##...## #...#
#.#.##.# ######)###.## #..<#
##.#.##.# #o# #.# ##.##
#....##.### #w# #.#### #.#
#....##...# #.# #....#
#.####....##...## #.# #....#
#...............### #.# #....#
#######.#.###.....####.###.#...


You could see a worm, 2 orc wizards and an orc.

Vanquished Creatures
  An adder (D:2)
  A giant gecko (D:2)
  An ooze (D:1)
  An orc (D:3)
  A ball python (D:1)
  4 bats
  A giant cockroach (D:3)
  2 hobgoblins (D:3)
  A kobold (D:1)
  A quokka (D:2)
  A goblin (D:1)
  2 rats
17 creatures vanquished.

Notes
Turn   | Place    | Note
--------------------------------------------------------------
     0 | D:1      | 4tharraofdagon, the Troll Earth Elementalist, began the quest for the Orb.
     0 | D:1      | Reached XP level 1. HP: 16/16 MP: 3/3
   131 | D:1      | Reached XP level 2. HP: 19/24 MP: 3/3
   262 | D:2      | Reached skill level 1 in Unarmed Combat
   262 | D:2      | Reached skill level 3 in Earth Magic
   463 | D:3      | Reached XP level 3. HP: 21/31 MP: 4/4
   481 | D:3      | HP: 1/31 [orc wizard/puff of flame (4)]
   482 | D:3      | Slain by an orc wizard

Action                   || total
-------------------------++-------
Melee: Unarmed           ||    88
 Cast: Sandblast         ||     4
  Use: Scroll            ||     2
       Potion            ||     1
 Stab: Sleeping          ||     1
